 Dungeon Crawl Stone Soup version 0.23.1 (webtiles) character file.

Game seed: 11537997830365349405

618 night the Ruffian (level 7, -8/50 HPs)
             Began as a Demonspawn Gladiator on Mar 7, 2019.
             Killed by divine providence
             ... invoked by an orc priest
              (13 damage)
             ... on level 4 of the Dungeon.
             The game lasted 00:08:29 (4511 turns).

night the Ruffian (Demonspawn Gladiator)            Turns: 4511, Time: 00:08:30

Health: -8/50      AC: 12    Str: 16 (17) XL:     7   Next: 21%
Magic:  7/7        EV: 10    Int:  7 (9)  God:
Gold:   202        SH:  0    Dex: 12 (14) Spells: 6/6 levels left

rFire    + . .     SeeInvis .     - Unarmed
rCold    . . .     Gourm    .   (no shield)
rNeg     . . .     Faith    .   s - +0 scale mail
rPois    .         Spirit   .   b - +0 helmet
rElec    .         Reflect  .   u - +0 cloak
rCorr    .         Harm     .   (no gloves)
MR       .....                  n - +0 pair of boots
Stlth    ..........             (no amulet)
HPRegen  0.16/turn              f - ring of wizardry
MPRegen  0.10/turn              l - ring of protection from fire

@: flying
A: molten scales 2, rot immunity
a: no special abilities


You were on level 4 of the Dungeon.
You were not hungry.

You visited 1 branch of the dungeon, and saw 4 of its levels.

You collected 202 gold pieces.

Inventory:

Missiles
 c - 3 throwing nets
 g - 119 stones (quivered)
 h - 59 sling bullets
 k - 54 arrows
 q - 34 bolts
 y - 7 javelins
Armour
 b - a +0 helmet (worn)
 m - a +0 ring mail of fire resistance
 n - a +0 pair of boots (worn)
 s - a +0 scale mail (worn)
 u - a +0 cloak (worn)
Jewellery
 f - a ring of wizardry (left hand)
 l - a ring of protection from fire (right hand)
 t - an uncursed ring of protection from cold {unknown}
Wands
 x - a wand of flame (11)
Scrolls
 a - 5 scrolls of identify {unknown}
 e - 2 scrolls of fog {unknown}
 i - a scroll of enchant weapon {unknown}
 j - 2 scrolls of amnesia {unknown}
 p - 3 scrolls of teleportation {unknown}
 r - a scroll of immolation {unknown}
 v - a scroll of random uselessness {unknown}
Potions
 o - a potion of haste
Comestibles
 d - 6 rations
 w - a chunk of flesh


   Skills:
 - Level 2.0 Fighting
 - Level 1.7 Throwing
 - Level 2.6 Dodging
 + Level 7.7 Unarmed Combat


You had 6 spell levels left.
You didn't know any spells.
Your spell library was empty.

Dungeon Overview and Level Annotations

Branches:
Dungeon (4/15)
 Temple: D:4-7

Altars:
Fedhas

Shops:
D:4 :


Innate Abilities, Weirdness & Mutations

You are mostly covered in molten scales. (AC +3)
You are immune to rotting.


Message History

There is an open door here.
Things that are here:
a +0 whip; 2 scrolls labeled GISAAZX XAOWUT It was a potion of flight.
You feel very buoyant.
You fly up into the air.
Something hits you but does no damage.
It was a potion of degeneration.
There was something very wrong with that liquid.
You feel weakened.
You feel dopey.
You feel clumsy.
You hear some strange, mumbled words.
You miss something. Something hits you but does no damage.
The orc priest miscasts a cantrip.
You punch something!
Reactivating autopickup.
You feel a bit more experienced.
You punch the orc priest!
The orc priest is heavily wounded.
The orc priest invokes the aid of Beogh against you.
Beogh smites you!
You die...

.........(.# #...#.
..........#### #.∩.#'
#...........# #.....
#...........# #.....
#...........# #.....
###.....$.....# #...).
..............# #.....
########o#.#########.....
#.##########@#.#.......#.....
#.........)).#.#.#####.#####'
############.#.#.....#.# #.
#.#.#####.#.# ##. #.#.# #.#.#
##.. #.#.# #.#.# #.PP ###.#
#.#.# #... #.#####.#.# #.PP
#.......#.# #.P.


You could see an orc priest.

Vanquished Creatures
  Grinder (D:3)
  A phantom (D:4)
  A centaur (D:4)
  A hound (D:2)
  An orc wizard (D:4)
  Ijyb (D:3)
  7 adders (D:2)
  3 oozes
  3 worms (D:3)
  4 leopard geckos
  3 orcs (D:4)
  2 giant cockroaches
  8 goblins
  6 hobgoblins
  11 jackals (D:1)
  A quokka (D:2)
  9 bats
  5 frilled lizards
  A jackal skeleton (D:4)
  8 kobolds
  9 rats
86 creatures vanquished.

Notes
Turn   | Place    | Note
-------+----------+-------------------------------------------
     0 | D:1      | night the Demonspawn Gladiator began the quest for the Orb.
     0 | D:1      | Reached XP level 1. HP: 16/16 MP: 1/1
   176 | D:1      | Reached skill level 3 in Unarmed Combat
   415 | D:1      | Gained mutation: You are partially covered in molten
                  | scales. (AC +2) [demonic ancestry]
   415 | D:1      | Reached XP level 2. HP: 21/22 MP: 2/2
  1199 | D:1      | Reached XP level 3. HP: 27/27 MP: 3/3
  1535 | D:2      | Reached skill level 4 in Unarmed Combat
  1629 | D:2      | Reached XP level 4. HP: 22/33 MP: 4/4
  2368 | D:2      | Reached skill level 5 in Unarmed Combat
  2527 | D:2      | Gained mutation: You are immune to rotting. [demonic
                  | ancestry]
  2527 | D:2      | Reached XP level 5. HP: 33/38 MP: 5/5
  3140 | D:3      | Noticed Ijyb
  3155 | D:3      | Killed Ijyb
  3183 | D:3      | Noticed Grinder
  3202 | D:3      | Paralysed by Grinder for 2 turns
  3206 | D:3      | Paralysed by Grinder for 7 turns
  3220 | D:3      | Killed Grinder
  3220 | D:3      | Reached skill level 6 in Unarmed Combat
  3220 | D:3      | Gained mutation: You are mostly covered in molten scales.
                  | (AC +3) [demonic ancestry]
  3220 | D:3      | Reached XP level 6. HP: 25/44 MP: 6/6
  3727 | D:3      | Found a faded altar of an unknown god.
  3938 | D:4      | Found Igeogo's Book Boutique.
  4033 | D:4      | Found a blossoming altar of Fedhas.
  4058 | D:4      | Reached skill level 7 in Unarmed Combat
  4388 | D:4      | Reached XP level 7. HP: 25/50 MP: 7/7
  4511 | D:4      | Killed from afar by an orc priest

Skill      XL: |  1  2  3  4  5  6 |
---------------+-------------------+-----
Unarmed Combat | 3 4 5 6 7 |  7.7
Fighting       | |  2.0
Throwing       | |  1.7
Dodging        | |  2.6

Action                   |  1- 3 |  4- 6 |  7- 9 || total
-------------------------+-------+-------+-------++-------
Melee: Unarmed           |   153 |   231 |    12 ||   396
       Punch             |     3 |     6 |       ||     9
Throw: Stone             |     1 |       |       ||     1
Evoke: Wand              |       |     5 |       ||     5
  Use: Potion            |       |     5 |     2 ||     7
  Eat: Chunk             |     2 |     8 |     2 ||    12
Armor: Leather armour    |    14 |       |       ||    14
       Ring mail         |    59 |    18 |       ||    77
       Scale mail        |       |    93 |    10 ||   103
Dodge: Dodged            |   113 |   110 |     2 ||   225
